 Dungeon Crawl Stone Soup version 0.27-a0-1232-gc6a4cbde82 (webtiles) character file.

Game seed: 9230709170696607781

808 mordus the Ruffian (level 7, -6/68 HPs)
             Began as a Troll Monk on June 8, 2021.
             Mangled by a gnoll sergeant
             ... wielding a +0 trident
              (17 damage)
             ... on level 5 of the Dungeon.
             The game lasted 00:04:15 (3497 turns).

mordus the Ruffian (Troll Monk)                     Turns: 3497, Time: 00:04:15

Health: -6/68      AC:  4    Str: 20    XL:     7   Next: 60%
Magic:  6/6        EV: 11    Int:  6    God:
Gold:   289        SH:  0    Dex: 14    Spells: 6/6 levels left

rFire    . . .     SeeInvis .     - Unarmed
rCold    . . .     Faith    .   (no shield)
rNeg     . . .     Spirit   .   a - +0 robe
rPois    .         Reflect  .   (helmet restricted)
rElec    .         Harm     .   (no cloak)
rCorr    .         Rampage  .   (gloves unavailable)
Will     .....                  (boots unavailable)
Stlth    ++........             (no amulet)
HPRegen  1.21/turn              (no ring)
MPRegen  0.10/turn              (no ring)

@: no status effects
A: large, unfitting armour, claws 3, regeneration 1, shaggy fur 1, tough skin 1
a: no special abilities


You were on level 5 of the Dungeon.
You visited 1 branch of the dungeon, and saw 5 of its levels.
You also visited: Sewer.

You collected 289 gold pieces.

Inventory:

Hand Weapons
 r - a +0 giant club
Missiles
 s - 3 curare-tipped darts
 u - 40 poisoned darts (quivered)
Armour
 a - a +0 robe (worn)
Jewellery
 e - a ring of flight
 n - a ring of protection from fire
Wands
 w - a wand of digging (4)
Scrolls
 d - 2 scrolls of identify {unknown}
 f - 7 scrolls of teleportation {unknown}
 h - a scroll of noise {unknown}
 j - 2 scrolls of fear {unknown}
 l - a scroll of blinking {unknown}
 p - a scroll of torment {unknown}
 v - a scroll of amnesia {unknown}
Potions
 b - a potion of brilliance {unknown}
 c - 2 potions of attraction {unknown}
 g - 4 potions of degeneration {unknown}
 i - 2 potions of flight {unknown}
 k - a potion of mutation {unknown}
 m - a potion of might {unknown}
 o - 3 potions of curing {unknown}
 q - a potion of heal wounds {unknown}
 t - a potion of haste {unknown}
 x - a potion of lignification {unknown}


   Skills:
 + Level 3.8 Fighting
 + Level 1.8 Maces & Flails
 + Level 0.8 Throwing
 + Level 2.8 Armour
 + Level 3.8 Dodging
 - Level 1.0 Stealth
 * Level 5.9 Unarmed Combat


You had 6 spell levels left.
You didn't know any spells.
Your spell library contained the following spells:

 Spells                   Type           Power      Damage    Failure   Level
 Magic Dart               Conj           0%         1d3       45%         1
 Blink                    Tloc           N/A        N/A       58%         2
 Call Imp                 Summ           0%         N/A       58%         2
 Searing Ray              Conj           0%         3d3       58%         2
 Slow                     Hex            0%         N/A       58%         2
 Conjure Flame            Conj/Fire      0%         6-21      83%         3
 Dazzling Flash           Conj/Hex       0%         N/A       83%         3
 Mephitic Cloud           Conj/Pois/Air  0%         N/A       83%         3
 Fulminant Prism          Conj/Hex       0%         3d6       99%         4
 Iskenderun's Mystic Bla  Conj/Tloc      0%         2d3       99%         4


Dungeon Overview and Level Annotations

Branches:
Dungeon (5/15)              Sewer (visited)
 Temple: D:4-7

Altars:

Shops:
D:4 *?:


Innate Abilities, Weirdness & Mutations

You are too large for most types of armour.
You have claws for hands.
Your natural rate of healing is unusually fast.
You are covered in fur. (AC +1)
You have tough skin. (AC +1)


Message History

You claw the gnoll!
The gnoll is almost dead.
The gnoll hits you with a +0 flail.
There are monsters nearby!
You barely miss the gnoll.
The gnoll is almost dead.
The gnoll sergeant hits you from afar with a +0 trident.
You claw the gnoll!
You kill the gnoll!
The gnoll sergeant hits you from afar with a +0 trident.
You closely miss the gnoll. The gnoll hits you with a +0 flail!
The gnoll sergeant closely misses you.
You closely miss the gnoll. The gnoll sergeant closely misses you.
You scratch the gnoll.
The gnoll is heavily wounded.
The gnoll hits you with a +0 flail!
The gnoll sergeant hits you from afar with a +0 trident.
You are too injured to fight recklessly!
You are too injured to fight recklessly!
You are too injured to fight recklessly!
You are too injured to fight recklessly!
You are too injured to fight recklessly!
The gnoll hits you but does no damage.
You completely miss the gnoll.
The gnoll is moderately wounded.
The gnoll hits you with a +0 flail. The gnoll sergeant misses you.
You claw the gnoll!
You kill the gnoll!
The gnoll sergeant hits you from afar with a +0 trident!
The gnoll sergeant hits you with a +0 trident!
* * * LOW HITPOINT WARNING * * *
You see here a +0 flail.
You scratch the gnoll sergeant.
The gnoll sergeant is lightly wounded.
The gnoll sergeant hits you with a +0 trident.
* * * LOW HITPOINT WARNING * * *
You completely miss the gnoll sergeant.
The gnoll sergeant is lightly wounded.
The gnoll sergeant hits you with a +0 trident!
You die...

....# #...##.#######)#.# ....#
#..)##.##......... ...†#
#######...##.##.####.#.# ##'##
#......(........# #>#.#
##.#####
.#####.##...#######.#.#
.......# #.###..........#..
...###.# #...........######
...# #.# #g###..####.# ...# #.#
#@# #..# #.# ...# #.# #.# #..#
#.# ...# #.# #.# #..# #.# ####
#.# #.# #..# #.# #.#
#####.###..# #.# #.#
...........####'#####
#####'##.######.##............#
#......#.. #.##............#
##......#.# #.##............#


You could see a gnoll sergeant.

Vanquished Creatures
  Purgy (Sewer)
  An ogre (D:4)
  A phantom (D:4)
  A water moccasin zombie (D:5)
  A scorpion (D:4)
  A centaur zombie (D:4)
  A bullfrog zombie (D:5)
  A hound (D:4)
  2 orc priests
  A bullfrog skeleton (D:5)
  An orc wizard (D:4)
  A hound skeleton (D:4)
  3 adders
  7 gnolls (D:5)
  A river rat (D:4)
  3 worms
  3 dart slugs
  8 orcs
  6 ball pythons
  4 endoplasms
  2 giant cockroaches
  9 goblins
  4 hobgoblins
  13 jackals
  8 kobolds
  8 quokkas
  10 bats
  5 frilled lizards
  9 rats
116 creatures vanquished.

Vanquished Creatures (others)
  2 plants (D:4)
2 creatures vanquished.

Grand Total: 118 creatures vanquished

Notes
Turn   | Place    | Note
-------+----------+-------------------------------------------
     0 | D:1      | mordus the Troll Monk began the quest for the Orb.
     0 | D:1      | Reached XP level 1. HP: 22/22 MP: 0/0
   104 | D:1      | Reached XP level 2. HP: 29/29 MP: 1/1
   119 | D:1      | Found a faded altar of an unknown god.
   365 | D:1      | Reached XP level 3. HP: 36/36 MP: 2/2
  1244 | D:3      | Reached skill level 1 in Armour
  1645 | D:3      | Reached XP level 4. HP: 41/44 MP: 3/3
  1675 | D:3      | Reached skill level 4 in Unarmed Combat
  1801 | D:4      | Found Bediptips's Assorted Antiques.
  1803 | D:4      | Noticed a phantom
  1831 | D:4      | Found Kiaxaog's Magic Scroll Shoppe.
  1836 | D:4      | Killed a phantom
  1837 | D:4      | Reached XP level 5. HP: 44/53 MP: 4/4
  1885 | D:4      | Found Vuvutep's Book Boutique.
  1947 | D:4      | Noticed an ogre
  1974 | D:4      | Killed an ogre
  1975 | D:4      | Reached XP level 6. HP: 21/61 MP: 5/5
  2080 | D:4      | Reached skill level 5 in Unarmed Combat
  2155 | D:4      | Found a glowing drain.
  2190 | Sewer    | Entered a sewer
  2226 | Sewer    | Noticed Purgy
  2241 | Sewer    | Killed Purgy
  2242 | Sewer    | Reached skill level 1 in Maces & Flails
  2242 | Sewer    | Reached XP level 7. HP: 43/67 MP: 6/6
  2946 | D:5      | Entered Level 5 of the Dungeon
  3497 | D:5      | Mangled by a gnoll sergeant

Illustrated notes

Levels and vault maps discovered:
D:1:      erik_arrival_orb_chamber, layout_loops_cross,
          shapermc_ecumenical_altar_mp_urbaneastern,
          corexii_item_surrounded_by_moat, minmay_stone_trees_small
D:2:      layout_loops_ring
D:3:      layout_basic
D:4:      layout_basic, portal_sewer_entry_a, serial_shops, nicolae_shop_trees,
          nicolae_shop_overgrown_old_shop, nicolae_shop_trees
D:5:      layout_basic, serial_shops, shop_fountains, kennysheep_minor_cross

Skill      XL: |  1  2  3  4  5  6 |
---------------+-------------------+-----
Armour         | 1 2 |  2.8
Unarmed Combat | 4 5 |  5.9
Fighting       | 3 |  3.8
Dodging        | 3 |  3.8
Maces & Flails | 1 |  1.8
Throwing       | |  0.8
Stealth        | |  1.0

Action                   |  1- 3 |  4- 6 |  7- 9 || total
-------------------------+-------+-------+-------++-------
Melee: Unarmed           |    92 |   140 |    84 ||   316
       Punch             |     3 |     2 |     3 ||     8
 Stab: Sleeping          |     7 |     1 |     1 ||     9
       Distracted        |     1 |       |     1 ||     2
Armor: Robe              |    27 |    78 |    16 ||   121
Dodge: Dodged            |    31 |   109 |    37 ||   177

Table legend: (Time is in decaauts)
 A = Elapsed time spent in this place.
 B = Non-inter-level travel time spent in this place.
 C = Inter-level travel time spent in this place.
 D = Time resting spent in this place.
 E = Time spent auto-exploring this place.
 F = Levels seen in this place.
 G = Mean time per level.
                   A        B        C        D        E       F      G
               +--------+--------+--------+--------+--------+-----+--------+
         Total |   3475 |   3137 |    338 |      0 |   2436 |   6 |  579.2 |
       Dungeon |   3364 |   3026 |    338 |      0 |   2370 |   5 |  672.8 |
         Sewer |    111 |    111 |      0 |      0 |     66 |   1 |  111.0 |
               +--------+--------+--------+--------+--------+-----+--------+

Top non-repeatable levels by time:
     D:4: 950 daAuts
     D:1: 731 daAuts
     D:3: 625 daAuts
     D:5: 544 daAuts
     D:2: 512 daAuts
   Sewer: 111 daAuts
